 Dungeon Crawl Stone Soup version 0.18-a0-1267-gff090c1 (webtiles) character file.

128 Foomius the Slasher (level 4, 0/35 HPs)
             Began as a Demonspawn Abyssal Knight on Feb 6, 2016.
             Was a Believer of Lugonu.
             Killed by divine providence
             ... invoked by an orc priest
              (10 damage)
             ... on level 3 of the Dungeon.
             The game lasted 00:09:52 (2960 turns).

Foomius the Slasher (Demonspawn Abyssal Knight)     Turns: 2960, Time: 00:09:53

Health: 0/35       AC: 11    Str: 13    XL:     4   Next: 87%
Magic:  5/5        EV: 11    Int: 14    God:    Lugonu [**....]
Gold:   75         SH:  0    Dex: 12    Spells: 0 memorised, 3 levels left

rFire  + + .     SeeInvis .     a - +2 falchion
rCold  . . .     Gourm    .     r - +1 robe {rF+}
rNeg   . . .     Faith    .     (no shield)
rPois  .         Spirit   .     m - +1 helmet
rElec  .         Dismiss  .     (no cloak)
rCorr  .         Reflect  .     (no gloves)
SustAt .         Harm     .     (no boots)
MR     +....                    (no amulet)
Stlth  +.........               s - +5 ring of protection
                                i - ring of protection from magic

@: somewhat resistant to hostile enchantments, very unstealthy
A: icy blue scales 1, fire resistance 1
a: Depart the Abyss, Bend Space, Renounce Religion


You were on level 3 of the Dungeon.
You worshipped Lugonu.
Lugonu was pleased with you.
You were not hungry.

You visited 1 branch of the dungeon, and saw 4 of its levels.
You visited the Abyss 1 time.

You collected 75 gold pieces.

Inventory:

Hand Weapons
 a - a +2 falchion (weapon)
 b - a +0 hunting sling
 d - a +0 dagger of electrocution
Missiles
 f - 28 poisoned needles
 k - 36 sling bullets
 p - 95 stones (quivered)
Armour
 m - a +1 helmet (worn)
 r - a +1 robe of fire resistance (worn)
Jewellery
 i - a ring of protection from magic (left hand)
 s - a +5 ring of protection (right hand)
Scrolls
 g - 4 scrolls of enchant weapon
 j - 2 scrolls of enchant armour {unknown}
 l - a scroll of identify {unknown}
 n - a scroll of magic mapping {unknown}
 q - 2 scrolls of fog {unknown}
Potions
 e - a potion of curing
 h - a potion of invisibility
 o - a potion of heal wounds {unknown}
 t - a potion of degeneration {unknown}
 v - a potion of flight {unknown}
Comestibles
 c - 2 bread rations
 u - 2 chunks of flesh


   Skills:
 - Level 3.1 Fighting
 + Level 4.5 Long Blades
 - Level 1.8 Armour
 - Level 0.8 Dodging
 - Level 2.4 Invocations


You had 3 spell levels left.
You didn't know any spells.

Dungeon Overview and Level Annotations

Branches:
Dungeon (4/15)
 Temple: D:4-7

Altars:
Elyvilon

Annotations:
D:3 Sigmund


Innate Abilities, Weirdness & Mutations

You are partially covered in icy blue scales (AC +1).
Your flesh is heat resistant.


Message History

Something smites you!
You closely miss the orc priest.
The orc priest is heavily wounded.
The orc priest invokes the aid of Beogh against you.
Something smites you!
* * * LOW HITPOINT WARNING * * *
The orc priest barely misses you.
Drink which item? (? for menu, Esc to quit)
You feel better.
You barely miss the orc priest.
The orc priest is heavily wounded.
The orc priest closely misses you.
You closely miss the orc priest.
The orc priest is heavily wounded.
The orc priest closely misses you.
You slash the orc priest!
The orc priest is almost dead.
The orc priest calls down the wrath of Beogh upon you.
Something smites you!
You die...

#.# ######.# #.#
#.# #<..#.######.#
#.# #.#<#........#
#.# #.#.##########
#.####.#.###.#
###......#.....###
.#############...#
.....#.)...)####o#
..##.#.####.# #@#
..##...# #.# #.#
..###### #.####.#
#.# #......# #.#
######## #.# #.#
#.# #.#


You could see an orc priest.

Vanquished Creatures
  Jessica (D:2)
  5 adders
  A worm (D:2)
  2 giant geckos
  5 orcs (D:3)
  4 giant cockroaches (D:1)
  5 goblins
  9 hobgoblins
  5 kobolds
  6 bats
  A giant newt (D:1)
  2 rats (D:1)
46 creatures vanquished.

Notes
Turn   | Place    | Note
--------------------------------------------------------------
     0 | Abyss:1  | Foomius the Demonspawn Abyssal Knight began the quest for the Orb.
     0 | Abyss:1  | Reached XP level 1. HP: 18/18 MP: 2/2
    22 | D:1      | Escaped the Abyss
   375 | D:1      | Gained mutation: Your flesh is heat resistant. [demonic ancestry]
   375 | D:1      | Reached XP level 2. HP: 16/24 MP: 3/3
  1178 | D:1      | Reached ** piety under Lugonu
  1178 | D:1      | Reached XP level 3. HP: 22/29 MP: 4/4
  1818 | D:2      | Gained mutation: You are partially covered in icy blue scales (AC +1). [demonic ancestry]
  1818 | D:2      | Reached XP level 4. HP: 25/35 MP: 5/5
  2056 | D:2      | Reached skill level 4 in Long Blades
  2101 | D:2      | Noticed Jessica
  2132 | D:2      | Killed Jessica
  2141 | D:2      | Found a white marble altar of Elyvilon.
  2900 | D:3      | Noticed Sigmund
  2956 | D:3      | HP: 1/35 [orc priest/divine providence (12)]
  2960 | D:3      | Killed from afar by an orc priest

Vault maps used:
D:1:      dpeg_arrival_short_road, roderic_roman_lattice
D:2:      wad_river_or_something, overflow_temple_1_default,
          serial_bayou_lagoon_b, uniq_jessica
D:3:      uniq_sigmund, uniq_robin
D:4:      nicolae_overflow_crystal_walls, first_bread, hex_tiny, uniq_edmund

Action                   |  1- 3 |  4- 6 || total
-------------------------+-------+-------++-------
Melee: Falchion          |   100 |    78 ||   178
 Fire: Hunting sling     |    27 |     9 ||    36
Throw: Stone             |       |     7 ||     7
  Use: Potion            |     2 |     2 ||     4
       Scroll            |       |     1 ||     1
 Stab: Invisible         |       |     1 ||     1
  Eat: Chunk             |     3 |     4 ||     7
